 Dungeon Crawl Stone Soup version 0.22.0-49-gab54619 (webtiles) character file.

633 Fang the Chopper (level 7, -4/44 HPs)
             Began as a Gargoyle Berserker on Aug 30, 2018.
             Was a Priest of Trog.
             Slain by a slave (5 damage)
             ... led by Pikel
             ... on level 5 of the Dungeon on Sept 4, 2018.
             The game lasted 00:06:50 (4705 turns).

Fang the Chopper (Gargoyle Berserker)               Turns: 4705, Time: 00:06:50

Health: -4/44      AC:  7    Str: 22    XL:     7   Next: 49%
Magic:  7/7        EV: 13    Int:  8    God:    Trog [***...]
Gold:   198        SH:  0    Dex:  9    Spells: 6/6 levels left

rFire    . . .     SeeInvis .   a - +0 hand axe
rCold    . . .     Gourm    +   (no shield)
rNeg     + . .     Faith    .   b - +0 animal skin
rPois    ∞         Spirit   .   (no helmet)
rElec    +         Reflect  .   (no cloak)
rCorr    .         Harm     .   (no gloves)
MR       .....                  (no boots)
Stlth    ++........             n - amulet of the gourmand
HPRegen  0.14/turn              (no ring)
MPRegen  0.10/turn              (no ring)

@: berserk cooldown, slowed, very slow
A: negative energy resistance 1, electricity resistance, unbreathing,
petrification resistance, rot immunity, AC +4
a: Berserk, Trog's Hand, Renounce Religion


You were on level 5 of the Dungeon.
You worshipped Trog.
Trog was most pleased with you.
You were completely stuffed.

You visited 1 branch of the dungeon, and saw 5 of its levels.

You collected 198 gold pieces.

Inventory:

Hand Weapons
 a - a +0 hand axe (weapon)
Armour
 b - a +0 animal skin (worn)
Jewellery
 n - an amulet of the gourmand (around neck)
Wands
 k - a wand of acid (25)
 q - a wand of iceblast (7)
Scrolls
 d - 4 scrolls of teleportation {unknown}
 h - 8 scrolls of identify {unknown}
 i - 6 scrolls of remove curse {unknown}
 j - 2 scrolls of blinking {unknown}
 l - a scroll of amnesia {unknown}
 m - a scroll of immolation {unknown}
Potions
 e - 5 potions of lignification {unknown}
 f - a potion of mutation {unknown}
 g - 6 potions of curing {unknown}
 o - 2 potions of flight {unknown}
 p - a potion of heal wounds {unknown}
Comestibles
 c - 5 rations


   Skills:
 + Level 5.2 Fighting
 + Level 5.4 Axes
 + Level 2.6 Armour
 + Level 3.2 Dodging
 + Level 2.7 Stealth


You had 6 spell levels left.
You didn't know any spells.
Your spell library was empty.

Dungeon Overview and Level Annotations

Branches:
Dungeon (5/15)
 Temple: D:4-7

Altars:
Trog

Annotations:
D:5 Pikel


Innate Abilities, Weirdness & Mutations

You are resistant to torment.
Your stone body is resilient. (AC +4)
You are immune to poison.
You resist negative energy. (rN+)
You are resistant to electric shocks. (rElec)
You can survive without breathing.
You are immune to petrification.
You are immune to rotting.


Message History

You feel a strong urge to attack something.
The adder barely misses you.
Unknown command.
The adder bites you but does no damage.
There is a stone staircase leading down here.
You feel your anger nearly subside.
You are no longer berserk.
You are exhausted.
You feel yourself slow down.
The slave shouts!
The adder barely misses you. The slave misses you.
You hit the slave but do no damage. You hit the adder. You slash the slave!
The adder bites you.
* * * LOW HITPOINT WARNING * * *
The adder misses you. The slave barely misses you. The slave misses you.
Unknown command.
You slash the slave!
The slave is moderately wounded.
You hit the slave but do no damage. You barely miss the adder.
The adder bites you but does no damage. The slave hits you.
You die...

#.........#######
#.###.####..........#.#
#.....................#
#####..###....#..##.###
#......# #....#.......#
#.###..# #....#...#...#
#..###....#...# ###
#.#.###.†#.p.........
........5S@p<<......#######
######...p................#
........................#
####............######..#
..#####.......c.ZK.p..# ...
..?....#######.# ....
.%..... #.# .... .......
#.# ###.#


You could see 3 slaves, a crimson imp and an adder.

Vanquished Creatures
  An ice beast (D:5)
  An ogre (D:5)
  A scorpion (D:4)
  A hound (D:4)
  Crazy Yiuf (D:3)
  A centaur skeleton (D:4)
  Jessica (D:2)
  Natasha (thrice) (D:4)
  4 worker ants
  Robin (D:4)
  2 adders
  An ooze (D:3)
  3 worms
  2 dart slugs
  4 leopard geckos
  3 giant cockroaches
  13 goblins
  8 hobgoblins
  6 jackals
  3 quokkas
  9 bats
  6 frilled lizards
  14 kobolds
  2 rats
91 creatures vanquished.

Notes
Turn   | Place    | Note
-------+----------+-------------------------------------------
     0 | D:1      | Fang the Gargoyle Berserker began the quest for the Orb.
     0 | D:1      | Reached XP level 1. HP: 14/14 MP: 1/1
   382 | D:1      | Reached XP level 2. HP: 19/19 MP: 2/2
   640 | D:1      | Upgraded the game from 0.22.0-38-g04b72b8 to
                  | 0.22.0-49-gab54619
   878 | D:1      | Reached XP level 3. HP: 19/24 MP: 3/3
   988 | D:2      | Noticed Jessica
   995 | D:2      | Killed Jessica
   995 | D:2      | Reached skill level 1 in Stealth
  1069 | D:2      | Reached ** piety under Trog
  1185 | D:2      | Reached XP level 4. HP: 29/29 MP: 4/4
  2981 | D:3      | Found a runed door.
  3053 | D:3      | Noticed Crazy Yiuf
  3058 | D:3      | Killed Crazy Yiuf
  3058 | D:3      | Reached XP level 5. HP: 32/34 MP: 5/5
  3365 | D:4      | Reached XP level 6. HP: 38/39 MP: 6/6
  3367 | D:4      | Reached *** piety under Trog
  3507 | D:4      | Noticed Natasha
  3512 | D:4      | Killed Natasha
  3548 | D:4      | Noticed Natasha
  3560 | D:4      | Killed Natasha
  3613 | D:4      | Noticed Natasha
  3628 | D:4      | Killed Natasha
  4106 | D:4      | Noticed Robin
  4123 | D:4      | Killed Robin
  4246 | D:5      | Entered Level 5 of the Dungeon
  4246 | D:5      | Found a bloodstained altar of Trog.
  4255 | D:5      | Reached XP level 7. HP: 43/44 MP: 7/7
  4305 | D:5      | Reached skill level 5 in Fighting
  4305 | D:5      | Reached skill level 5 in Axes
  4663 | D:5      | Noticed Pikel
  4704 | D:5      | HP: 1/44 [adder (4)]
  4705 | D:5      | Slain by a slave

Skill      XL: |  1  2  3  4  5  6  7 |
---------------+----------------------+-----
Axes           | 3 4 5 |  5.4
Fighting       | 4 5 |  5.2
Stealth        | 1 2 |  2.7
Dodging        | 2 3 |  3.2
Armour         | |  2.6

Action                   |  1- 3 |  4- 6 |  7- 9 || total
-------------------------+-------+-------+-------++-------
Melee: Hand axe          |    89 |   216 |    28 ||   333
Invok: Berserk           |       |     5 |     2 ||     7
 Stab: Sleeping          |     1 |     1 |       ||     2
  Eat: Chunk             |     1 |    16 |     3 ||    20
       Ration            |       |     2 |       ||     2
Armor: Animal skin       |    27 |    79 |     9 ||   115
Dodge: Dodged            |    57 |   135 |    29 ||   221
